 Dungeon Crawl Stone Soup version 0.31-a0-1469-gd420192249 (webtiles) character file.

Game seed: 15909145406062006985

9436 jasper the Grappler (level 11, -8/113 HPs)
             Began as a Troll Monk on Dec 28, 2023.
             Was a High Priest of Okawaru.
             Mangled by a cyclops (22 damage)
             ... on level 9 of the Dungeon.
             The game lasted 00:14:00 (7249 turns).

jasper the Grappler (Troll Monk)                    Turns: 7249, Time: 00:14:00

Health: -8/113     AC: 10    Str: 25    XL:     11   Next: 23%
Magic:  10/12      EV: 12    Int:  6    God:    Okawaru [*****.]
Gold:   343        SH:  0    Dex: 12    Spells: 10/10 levels left

rFire   + .          .
                       - Unarmed
rCold   . . .        c - orb {light}
rNeg    . . .        u - +0 acid dragon scales
rPois   +            (helmet restricted)
rElec   .            z - +0 cloak
rCorr   +            (gloves unavailable)
SInv    .            (boots unavailable)
Will    .....        (no amulet)
Stlth   +            e - ring of poison resistance
HPRegen 1.18/turn    g - ring of protection from fire
MPRegen 0.13/turn

%: no passive effects
@: heroic, glowing
A: large, unfitting armour, claws 3, regeneration 1, shaggy fur 1, tough skin 1
a: Renounce Religion, Heroism, Finesse, Duel


You were on level 9 of the Dungeon.
You worshipped Okawaru.
Okawaru was extremely pleased with you.
You visited 2 branches of the dungeon, and saw 10 of its levels.

You collected 346 gold pieces.
You spent 3 gold pieces at shops.

Inventory:

Missiles
 d - 76 stones
 h - 11 javelins
 j - 7 poisoned darts (quivered)
 n - 2 throwing nets
 t - 13 boomerangs
 A - 2 curare-tipped darts
Armour
 a - a +0 robe
 c - an orb of light (worn)
 u - +0 acid dragon scales (worn)
 z - a +0 cloak (worn)
Jewellery
 e - a ring of poison resistance (left claw)
 g - a ring of protection from fire (right claw)
 y - a +6 ring of strength
 E - a ring of resist corrosion
Talismans
 s - a serpent talisman
 x - a beast talisman
Wands
 f - a wand of iceblast (9)
 C - a wand of paralysis (9)
 G - a wand of acid (4)
Scrolls
 m - a scroll of brand weapon
 o - 2 scrolls of fear
 r - 3 scrolls of noise
 D - a scroll of blinking
 F - a scroll of amnesia
Potions
 b - a potion of ambrosia
 i - 2 potions of might
 k - 2 potions of magic
 l - 2 potions of attraction
 p - 6 potions of curing {unknown}
 q - 2 potions of lignification
 v - a potion of brilliance {unknown}
 w - a potion of haste {unknown}
 B - a potion of mutation {unknown}
 H - a potion of heal wounds {unknown}


   Skills:
 + Level 8.7(13.7) Fighting
 - Level 3.0(8.0) Throwing
 - Level 2.4(7.4) Dodging
 * Level 13.9(18.9) Unarmed Combat
 - Level 3.0 Invocations


You had 10 spell levels left.
You didn't know any spells.
Your spell library contained the following spells:

 Spells                   Type           Power      Damage    Failure   Level
 Magic Dart               Conj           0%         1d3       52%         1
 Blink                    Tloc           0%         N/A       65%         2
 Cigotuvi's Dreadful Rot  Necr/Alch/Air  0%         N/A       65%         2
 Dimensional Bullseye     Hex/Tloc       0%         N/A       99%         4
 Dispel Undead            Necr           0%         3d6       99%         4
 Iskenderun's Mystic Bla  Conj/Tloc      0%         2d3       99%         4
 Call Imp                 Summ           Unusable   N/A       N/A         2
 Tukima's Dance           Hex            Unusable   N/A       N/A         3
 Martyr's Knell           Necr/Summ      Unusable   N/A       N/A         4
 Death Channel            Necr           Unusable   N/A       N/A         6

Dungeon Overview and Level Annotations

Branches:
Dungeon (9/15)             Temple (1/1) D:7
   Lair: D:8-11         Orc: D:9-12

Altars:
Ashenzari
Cheibriados
Dithmenos
Elyvilon
Fedhas
Gozag
Kikubaaqudgha
Makhleb
Nemelex Xobeh
Okawaru
Qazlal
Ru
Sif Muna
Trog
Uskayaw
Vehumet
Wu Jian
Xom
Yredelemnul
Zin
The Shining One

Shops:
D:1 *


Innate Abilities, Weirdness & Mutations

You are too large for most types of armour.
You have claws for hands.
Your natural rate of healing is unusually fast.
You are covered in fur. (AC +1)
You have tough skin. (AC +1)


Message History

Okawaru accepts your kill.
You scratch the orc wizard.
The orc wizard is moderately wounded.
The orc wizard barely misses you.
You eviscerate the orc wizard!!!
You kill the orc wizard!
Okawaru accepts your kill. The cyclops hits you! The cyclops hits you!!
Items here: ( )))) [[ †††.
You take 34 damage, and have 38/113 hp.
MASSIVE DAMAGE!!
You mangle the cyclops!!
The cyclops is severely wounded.
You scratch the cyclops.
The cyclops is severely wounded.
The cyclops hits you!!
* * * LOW HITPOINT WARNING * * *
The cyclops barely misses you.
You take 17 damage, and have 22/113 hp.
You scratch the cyclops but do no damage.
The cyclops is severely wounded.
You gain the combat prowess of a mighty hero.
The cyclops hits you!
* * * LOW HITPOINT WARNING * * *
The cyclops closely misses you.
You take 12 damage, and have 11/113 hp.
You now have 10/12 mp.
You scratch the cyclops but do no damage.
The cyclops is severely wounded.
You eviscerate the cyclops!!!
You kill the cyclops!
Okawaru is honoured by your kill. Okawaru grants you throwing weapons!
Something appears at your feet! The cyclops barely misses you.
Okay, then.
Unknown command.
You mangle the cyclops!!
The cyclops is moderately wounded.
You claw the cyclops!
The cyclops is severely wounded.
The cyclops hits you!!
You die...

#..# ##.#..##
#..# ####..#
##..# ##..
#..### ##.
###.##$# ##
####....#.# #.
#....#.##.## ##
#...##'#C..##...
#
#..##!†@(.......
#...####...##...
#.#..#.##.## #
#.......#.# .
###....##/# #
#.....### #.
#...#..## ..
#....##))#### .#
#....####.)#.##
#..


You could see a cyclops.

Vanquished Creatures
  A centaur warrior (D:9)
  2 two-headed ogres (D:9)
  Pikel (D:4)
  A deep elf pyromancer (D:9)
  2 ugly things
  Maurice (D:7)
  A manticore (D:8)
  A cyclops (D:9)
  Prince Ribbit (D:6)
  A vampire (D:9)
  6 yaks (D:9)
  Sigmund (D:3)
  A shadow (D:9)
  A wyvern (D:8)
  2 acid dragons
  Duvessa (D:4)
  An ice beast (D:4)
  A black bear (D:5)
  A sky beast (D:7)
  An orc warrior (D:9)
  3 centaurs
  2 lemures (D:4)
  A kobold brigand (D:9)
  2 phantoms
  4 bullfrogs
  3 scorpions
  7 wights
  Dowan (D:4)
  5 killer bees (D:6)
  4 howler monkeys
  A quasit (D:5)
  2 bombardier beetles
  A gnoll bouda (D:4)
  5 hounds
  Natasha (thrice) (D:4)
  2 sleepcaps (D:5)
  6 iguanas
  6 orc wizards
  A hound zombie (D:3)
  Robin (D:2)
  5 gnolls (D:4)
  7 adders
  A shadow imp (D:7)
  A white imp (D:8)
  A worm (D:2)
  3 dart slugs (D:2)
  25 orcs
  3 endoplasms
  6 giant cockroaches
  15 goblins
  14 hobgoblins
  6 kobolds
  2 quokkas (D:1)
  8 ball pythons
  9 bats
  6 frilled lizards
  A giant cockroach zombie (D:3)
  A goblin skeleton (D:5)
  4 hobgoblin zombies (D:5)
  2 kobold skeletons (D:5)
  A kobold zombie (D:5)
  2 orc zombies (D:5)
  5 rats
216 creatures vanquished.

Notes
Turn   | Place    | Note
-------+----------+-------------------------------------------
     0 | D:1      | jasper the Troll Monk began the quest for the Orb.
     0 | D:1      | Reached XP level 1. HP: 22/22 MP: 0/0
    62 | D:1      | Reached XP level 2. HP: 29/29 MP: 1/1
   135 | D:1      | Found Taunymn's General Store.
   139 | D:1      | Bought 3 stones for 3 gold pieces
   654 | D:1      | Reached XP level 3. HP: 36/36 MP: 2/2
   895 | D:2      | Reached skill level 4 in Unarmed Combat
  1389 | D:2      | Reached XP level 4. HP: 45/45 MP: 3/3
  1428 | D:2      | Noticed Robin
  1455 | D:2      | Killed Robin
  1997 | D:3      | Found a glowing silver altar of Zin.
  2039 | D:3      | Noticed Sigmund
  2175 | D:4      | Noticed Pikel
  2175 | D:4      | Noticed a lemure
  2175 | D:4      | Noticed a lemure
  2175 | D:4      | Noticed a lemure
  2175 | D:4      | Noticed a lemure
  2193 | D:4      | Killed a lemure
  2202 | D:4      | Killed a lemure
  2219 | D:4      | Killed Pikel
  2220 | D:4      | Reached skill level 6 in Unarmed Combat
  2220 | D:4      | Reached XP level 5. HP: 49/55 MP: 4/4
  2220 | D:4      | Reached XP level 6. HP: 56/63 MP: 5/5
  2220 | D:4      | Reached XP level 7. HP: 64/71 MP: 6/6
  2404 | D:4      | Reached skill level 7 in Unarmed Combat
  2704 | D:4      | Noticed Natasha
  2732 | D:4      | Killed Natasha
  2768 | D:4      | Noticed Duvessa
  2787 | D:4      | Killed Duvessa
  2788 | D:4      | Reached skill level 5 in Fighting
  2788 | D:4      | Reached skill level 8 in Unarmed Combat
  2915 | D:4      | Noticed Dowan
  2936 | D:4      | Killed Dowan
  2937 | D:4      | Reached XP level 8. HP: 54/80 MP: 7/7
  2974 | D:4      | Noticed Natasha
  2979 | D:4      | Killed Natasha
  3253 | D:5      | Entered Level 5 of the Dungeon
  3282 | D:4      | Noticed Natasha
  3286 | D:4      | Killed Natasha
  3447 | D:5      | Reached skill level 9 in Unarmed Combat
  3639 | D:5      | Found a glowing golden altar of the Shining One.
  4174 | D:6      | Reached skill level 10 in Unarmed Combat
  4219 | D:6      | Noticed Prince Ribbit
  4229 | D:6      | Killed Prince Ribbit
  4230 | D:6      | Reached XP level 9. HP: 87/91 MP: 8/8
  4888 | D:3      | Killed Sigmund
  4889 | D:3      | Reached skill level 11 in Unarmed Combat
  5137 | D:3      | Found a basalt altar of Yredelemnul.
  5260 | D:7      | Found a staircase to the Ecumenical Temple.
  5269 | Temple   | Entered the Ecumenical Temple
  5352 | Temple   | Became a worshipper of Warmaster Okawaru
  5352 | Temple   | Reached * piety under Okawaru
  5352 | Temple   | Reached ** piety under Okawaru
  5492 | D:7      | Noticed Maurice
  5499 | D:7      | Maurice stole a +6 ring of strength
  5500 | D:7      | Maurice stole 233 gold
  5502 | D:7      | Maurice stole a serpent talisman
  5503 | D:7      | Killed Maurice
  6032 | D:7      | Found a blossoming altar of Fedhas.
  6110 | D:7      | Reached *** piety under Okawaru
  6245 | D:8      | Reached XP level 10. HP: 65/102 MP: 11/11
  6520 | D:8      | Noticed a manticore
  6527 | D:8      | Killed a manticore
  6624 | D:8      | Noticed a red ugly thing
  6640 | D:8      | Killed a red ugly thing
  6641 | D:8      | Reached skill level 12 in Unarmed Combat
  6845 | D:9      | Reached **** piety under Okawaru
  7054 | D:9      | Noticed a two-headed ogre
  7065 | D:9      | Killed a two-headed ogre
  7066 | D:9      | Reached skill level 13 in Unarmed Combat
  7175 | D:9      | Noticed a two-headed ogre
  7182 | D:9      | Killed a two-headed ogre
  7199 | D:9      | Noticed a green ugly thing
  7203 | D:9      | Killed a green ugly thing
  7204 | D:9      | Reached XP level 11. HP: 111/113 MP: 12/12
  7204 | D:9      | Noticed a deep elf pyromancer
  7206 | D:9      | Noticed a centaur warrior
  7228 | D:9      | Killed a centaur warrior
  7228 | D:9      | Reached ***** piety under Okawaru
  7232 | D:9      | Killed a deep elf pyromancer
  7247 | D:9      | Received a gift from Okawaru
  7249 | D:9      | Mangled by a cyclops

Illustrated notes

Levels and vault maps discovered:
D:1:      scummos_arrival_forest, layout_basic, serial_shops, shop,
          hangedman_decor_lopped
D:2:      layout_rooms, minmay_misc_feat_alley, roderic_roman_lattice,
          minmay_hedge_maze, uniq_robin
D:3:      layout_rooms, lemuel_zombie_altar_yredelemnul,
          mainiacjoe_overflow_six_doors_small, minmay_cupped, uniq_sigmund
D:4:      layout_basic, uniq_natasha, uniq_pikel, uniq_duvessa
D:5:      layout_rooms, nicolae_tso_besieged_by_evil, minmay_crystal_water
D:6:      layout_loops_ring, uniq_prince_ribbit1
D:7:      layout_loops_ring, fedhas_altar_4, minmay_temple_entry_trees,
          uniq_maurice
D:8:      minmay_the_grid_octo_2x2 [minmay_the_grid_octo_77,
          minmay_the_grid_octo_toaster, minmay_the_grid_octo_chip,
          minmay_the_grid_octo_prize_square_snowflake], layout_basic,
          roadster_trireme
D:9:      layout_cave_pods, mainiacjoe_overflow_paths, amethyst_killhole,
          chequers_serial_rivers_small_3, minmay_fractal_squares_gapless_7
Temple:   minmay_temple_bridge_d

Skill      XL: |  1  2  3  4  5  6  7  8  9 10 |
---------------+-------------------------------+-----
Unarmed Combat | 4 6 8 10 11 13 | 13.9
Fighting       | 3 4 5 6 7 8 |  8.7
Throwing       | 3 |  3.0
Invocations    | 3 |  3.0
Dodging        | |  2.4

Action                     |  1- 3 |  4- 6 |  7- 9 | 10-12 || total
---------------------------+-------+-------+-------+-------++-------
  Melee: Unarmed           |    63 |   162 |   253 |    98 ||   576
  Throw: Dart              |     6 |     4 |    12 |       ||    22
 Invoke: Heroism           |       |       |       |     4 ||     4
    Use: Scroll            |     2 |     4 |     5 |     2 ||    13
         Potion            |       |     1 |       |       ||     1
 Armour: Robe              |    28 |    55 |   106 |       ||   189
         Skin              |       |     9 |       |       ||     9
         Acid dragon scale |       |       |    52 |    98 ||   150
  Dodge: Dodged            |    24 |    41 |    97 |    49 ||   211

Table legend: (Time is in decaauts)
 A = Elapsed time spent in this place.
 B = Non-inter-level travel time spent in this place.
 C = Inter-level travel time spent in this place.
 D = Time resting spent in this place.
 E = Time spent auto-exploring this place.
 F = Levels seen in this place.
 G = Mean time per level.
                   A        B        C        D        E       F      G
               +--------+--------+--------+--------+--------+-----+--------+
         Total |   7170 |   6280 |    890 |    758 |   3157 |  10 |  717.0 |
       Dungeon |   6988 |   6239 |    749 |    739 |   3157 |   9 |  776.4 |
        Temple |    181 |     40 |    141 |     19 |      0 |   1 |  181.0 |
               +--------+--------+--------+--------+--------+-----+--------+

Top non-repeatable levels by time:
     D:4: 1305 daAuts
     D:2: 1182 daAuts
     D:1: 834 daAuts
     D:7: 766 daAuts
     D:6: 754 daAuts
     D:5: 668 daAuts
     D:8: 498 daAuts
     D:9: 493 daAuts
     D:3: 485 daAuts
  Temple: 181 daAuts
